 Dungeon Crawl Stone Soup version 0.21.1-1-g345015fe64 (webtiles) character file.

224 Bapho the Chopper (level 6, -2/52 HPs)
             Began as a Hill Orc Monk on June 10, 2018.
             Was a Priest of Kikubaaqudgha.
             Slain by a big kobold (4 damage)
             ... in a sewer.
             The game lasted 00:11:05 (3095 turns).

Bapho the Chopper (Hill Orc Monk)                   Turns: 3095, Time: 00:11:06

Health: -2/52      AC:  2    Str: 13 (16) XL:     6   Next: 0%
Magic:  1/8        EV: 12    Int: 13 (15) God:    Kikubaaqudgha [***...]
Gold:   67         SH:  0    Dex: 10 (13) Spells: 6/8 levels left

rFire    + . .     SeeInvis .   a - +0 hand axe
rCold    + . .     Gourm    .   (no shield)
rNeg     . . .     Faith    .   b - +0 robe
rPois    .         Spirit   .   (no helmet)
rElec    .         Reflect  .   p - scarf {rC+ rF+}
rCorr    .         Harm     .   (no gloves)
MR       .....                  (no boots)
Stlth    ++........             (no amulet)
HPRegen  0.17/turn              (no ring)
MPRegen  0.11/turn              (no ring)

@: brilliant, hasted, very quick
A: no striking features
a: Receive Corpses, Renounce Religion


You were in a sewer.
You worshipped Kikubaaqudgha.
Kikubaaqudgha was most pleased with you.
You were very hungry.

You visited 1 branch of the dungeon, and saw 3 of its levels.
You also visited: Sewer.

You collected 67 gold pieces.

Inventory:

Hand Weapons
 a - a +0 hand axe (weapon)
Missiles
 e - 16 stones (quivered)
Armour
 b - a +0 robe (worn)
 d - a +0 chain mail
 o - a +0 ring mail
 p - a scarf of resistance (worn)
Scrolls
 g - 3 scrolls of enchant weapon {unknown}
 h - a scroll of random uselessness {unknown}
 i - a scroll of remove curse {unknown}
 k - 2 scrolls of identify {unknown}
Potions
 j - a potion of degeneration
Books
 m - Kikubaaqudgha's Papyrus of Evil
   (Kikubaaqudgha gifted it to you on level 2 of the Dungeon)

   Spells                             Type                      Level
   a - Animate Skeleton               Necromancy                   1
   b - Pain                           Necromancy                   1
   c - Sublimation of Blood           Necromancy                   2
   d - Vampiric Draining              Necromancy                   3
 n - Kikubaaqudgha's Volume of Darkness
   (Kikubaaqudgha gifted it to you in a sewer)

   Spells                             Type                      Level
   a - Animate Dead                   Necromancy                   4
   b - Borgnjor's Vile Clutch         Necromancy/Earth             5
   c - Agony                          Necromancy                   5
   d - Dispel Undead                  Necromancy                   5
   e - Death Channel                  Necromancy                   6
Comestibles
 c - 7 rations


   Skills:
 - Level 4.3 Fighting
 - Level 5.5 Axes
 - Level 2.4 Dodging
 - Level 1.5 Stealth
 + Level 1.6 Spellcasting
 * Level 3.4 Necromancy


You had 6 spell levels left.
You knew the following spells:

 Your Spells              Type           Power        Failure   Level  Hunger
a - Pain                  Necr           ###.         1%          1    ##.....
b - Animate Skeleton      Necr           N/A          1%          1    ##.....


Dungeon Overview and Level Annotations

Branches:
Dungeon (3/15)

Altars:
Kikubaaqudgha


Message History

The big kobold closely misses you.
It was a potion of haste.
You feel yourself speed up. The big kobold hits you.
* * * LOW HITPOINT WARNING * * *
You hit the big kobold.
The big kobold is moderately wounded.
The big kobold hits you.
* * * LOW HITPOINT WARNING * * *
You closely miss the big kobold.
The big kobold is moderately wounded.
The big kobold barely misses you.
You barely miss the big kobold.
The big kobold is moderately wounded.
Casting: Pain
Confirm with . or Enter, or press ? or * to list all spells.
Aiming: Pain
Press: ? - help, Shift-Dir - straight line, f/p - big kobold
Aim: a big kobold (moderately wounded, chance to defeat MR: 76%)
The big kobold barely resists.
The big kobold hits you.
You die...
Kikubaaqudgha rasps: "You have failed me!
Welcome... death!"

##.§.§.##...###
+.......'†≈..!#
+.§._.§.'.§...!
+......('§≈§.!#
##..§..##§.§### ##...## ###
#############(#############
#≈≈.#≈≈≈≈≈≈#.)K#≈≈≈≈≈≈#..≈#
#≈...≈≈...≈....@)≈≈≈.≈...≈#
#≈≈.#.....(#≈≈(#÷.....#.≈≈#
##.##'#######≈#######+##.##
#..%#......#≈≈≈#......#≈.≈#
#≈Z≈#.≈≈≈..#≈≈≈#..≈≈≈≈#≈.≈#
#≈≈≈#≈≈≈≈≈...≈...≈≈≈≈≈#≈≈≈#
#≈≈≈#≈≈≈≈≈≈#..≈#≈≈≈≈≈≈#≈≈≈#
#≈≈≈#≈≈≈≈≈≈#.≈.≈≈≈≈≈≈≈#≈≈≈#
#≈≈≈#≈≈≈≈≈≈#.≈.#≈≈≈≈≈≈#≈≈≈#


You could see a big kobold.

Vanquished Creatures
  A big kobold (Sewer)
  2 big kobold zombies (Sewer)
  2 adders
  A shadow imp (Sewer)
  2 ufetubi (Sewer)
  An ooze (D:2)
  A worm (D:1)
  2 leopard geckos (D:1)
  A bat zombie (Sewer)
  7 giant cockroaches
  4 goblins (D:2)
  14 hobgoblins
  3 jackals (D:2)
  17 kobolds
  2 quokkas (D:2)
  9 bats
  2 frilled lizards
  7 rats
78 creatures vanquished.

Vanquished Creatures (collateral kills)
  An orc (D:2)
  A goblin (D:2)
  A hobgoblin (D:2)
3 creatures vanquished.

Vanquished Creatures (others)
  2 kobold zombies (Sewer)
2 creatures vanquished.

Grand Total: 83 creatures vanquished

Notes
Turn   | Place    | Note
-------+----------+-------------------------------------------
     0 | D:1      | Bapho the Hill Orc Monk began the quest for the Orb.
     0 | D:1      | Reached XP level 1. HP: 19/19 MP: 1/1
   272 | D:1      | Reached XP level 2. HP: 27/27 MP: 2/2
   577 | D:1      | Reached skill level 5 in Axes
   609 | D:1      | Reached XP level 3. HP: 33/33 MP: 3/3
  1527 | D:2      | Found an ancient bone altar of Kikubaaqudgha.
  1540 | D:2      | Became a worshipper of Kikubaaqudgha
  1540 | D:2      | Reached * piety under Kikubaaqudgha
  1540 | D:2      | Identified Kikubaaqudgha's Papyrus of Evil (Kikubaaqudgha gifted it to you on level 2 of the Dungeon)
  1540 | D:2      | Received a gift from Kikubaaqudgha
  1540 | D:2      | Reached ** piety under Kikubaaqudgha
  1544 | D:2      | Learned a level 1 spell: Pain
  1546 | D:2      | Learned a level 1 spell: Animate Skeleton
  1571 | D:2      | Reached XP level 4. HP: 40/40 MP: 4/4
  1676 | D:2      | Reached skill level 1 in Necromancy
  2167 | D:3      | Found a glowing drain.
  2221 | Sewer    | Entered a sewer
  2407 | Sewer    | Reached skill level 1 in Spellcasting
  2407 | Sewer    | Reached XP level 5. HP: 29/46 MP: 6/6
  2598 | Sewer    | Found a burning altar of Makhleb.
  2598 | Sewer    | Noticed a big kobold
  2618 | Sewer    | Killed a big kobold
  3060 | Sewer    | Noticed a big kobold
  3063 | Sewer    | Reached *** piety under Kikubaaqudgha
  3063 | Sewer    | Identified Kikubaaqudgha's Volume of Darkness (Kikubaaqudgha gifted it to you in a sewer)
  3063 | Sewer    | Received a gift from Kikubaaqudgha
  3086 | Sewer    | Reached XP level 6. HP: 17/52 MP: 2/8
  3095 | Sewer    | Slain by a big kobold

Skill      XL: |  1  2  3  4  5 |
---------------+----------------+-----
Fighting       | 4 |  4.3
Axes           | 5 |  5.5
Necromancy     | 2 3 |  3.4
Spellcasting   | 1 |  1.6
Dodging        | |  2.4
Stealth        | |  1.5

Action                   |  1- 3 |  4- 6 || total
-------------------------+-------+-------++-------
Melee: Hand axe          |   114 |   159 ||   273
Throw: Stone             |   100 |    39 ||   139
 Cast: Pain              |       |    23 ||    23
       Animate Skeleton  |       |     9 ||     9
  Use: Potion            |       |     3 ||     3
 Stab: Distracted        |       |     1 ||     1
  Eat: Chunk             |     2 |     6 ||     8
Armor: Robe              |    12 |    27 ||    39
       Chain mail        |    50 |       ||    50
Dodge: Dodged            |    58 |   112 ||   170
